 Dungeon Crawl Stone Soup version 0.19-a0-1268-g6c5d9f8 (webtiles) character file.

17286 Lindan9 the Peltast (level 12, -5/94 HPs)
             Began as a Formicid Fighter on Aug 29, 2016.
             Was an Elder of Qazlal.
             Killed by divine providence
             ... invoked by a meliai
              (14 damage)
             ... on level 13 of the Dungeon.
             The game lasted 00:49:00 (10680 turns).

Lindan9 the Peltast (Formicid Fighter)             Turns: 10680, Time: 00:49:00

Health: -5/94      AC: 17    Str: 30    XL:     12   Next: 80%
Magic:  12/12      EV:  9    Int:  8    God:    Qazlal [****..]
Gold:   523        SH: 33    Dex: 10    Spells: 0 memorised, 11 levels left

rFire  . . .     SeeInvis +     V - +3 battleaxe
rCold  . . .     Gourm    .     D - +2 plate armour
rNeg   . . .     Faith    .     s - +2 large shield {reflect}
rPois  .         Spirit   .     (helmet unavailable)
rElec  .         Dismiss  .     z - +0 cloak
rCorr  .         Reflect  +     (no gloves)
MR     ++...     Harm     .     (no boots)
Stlth  ..........               i - +5 amulet of reflection
                                j - ring of protection from magic
                                M - +4 ring of strength

@: repel missiles
A: permanent stasis, dig shafts and tunnels, four strong arms, antennae 3
a: Dig, Shaft Self, Upheaval, Elemental Force, Renounce Religion


You were on level 13 of the Dungeon.
You worshipped Qazlal.
Qazlal was greatly pleased with you.
You were not hungry.

You visited 2 branches of the dungeon, and saw 13 of its levels.
You also visited: Sewer.

You collected 523 gold pieces.

Inventory:

Hand Weapons
 a - a +1 war axe
 c - a +2 battleaxe
 J - a +1 hand axe of freezing
 L - a +4 broad axe of chopping
 V - a +3 battleaxe (weapon)
Armour
 s - a +2 large shield of reflection (worn)
 z - a +0 cloak (worn)
 D - a +2 plate armour (worn)
 I - a troll hide
Rods
 S - a +0 iron rod (14/14)
   (You found it on level 10 of the Dungeon)
Jewellery
 f - a +2 ring of strength
 i - a +5 amulet of reflection (around neck)
 j - a ring of protection from magic (right hand)
 l - an uncursed amulet of faith
 n - an uncursed ring of wizardry
 w - a +4 ring of intelligence
 G - an uncursed ring of positive energy {unknown}
 H - a +2 ring of dexterity
 M - a +4 ring of strength (left hand)
 N - a cursed ring of teleportation
Wands
 b - a wand of disintegration (9/24)
 g - a wand of iceblast (6/15)
 P - a wand of disintegration (4/24)
 R - a wand of iceblast (11/15)
 T - a wand of flame (31/48)
Scrolls
 e - 2 scrolls of remove curse
 t - 5 scrolls of teleportation
 x - 4 scrolls of recharging
 y - a scroll of magic mapping
 O - a scroll of blinking
Potions
 d - a potion of might
 h - 3 potions of brilliance
 k - 5 potions of lignification
 m - 6 potions of flight {unknown}
 o - 3 potions of magic {unknown}
 q - 3 potions of curing
 r - a potion of berserk rage {unknown}
 u - 3 potions of degeneration {unknown}
 v - a potion of agility {unknown}
 A - a potion of resistance {unknown}
 E - a potion of invisibility {unknown}
 F - 2 potions of heal wounds
 K - 3 potions of cure mutation {unknown}
 W - a potion of ambrosia {unknown}
Books
 B - a book of Burglary

   Spells                             Type                      Level
   a - Swiftness                      Charms/Air                   2
   b - Passwall                       Transmutation/Earth          2
   c - Passage of Golubria            Translocation                4
   d - Lee's Rapid Deconstruction     Earth                        5
   e - Darkness                       Hexes                        6
   f - Invisibility                   Hexes                        6
Comestibles
 p - 4 bread rations
 C - a royal jelly
 Q - 3 meat rations
 U - 24 fruits


   Skills:
 + Level 8.7 Fighting
 + Level 10.2 Axes
 + Level 8.2 Armour
 + Level 4.7 Dodging
 + Level 2.6 Stealth
 + Level 15.2 Shields


You had 11 spell levels left.
You didn't know any spells.

Dungeon Overview and Level Annotations

Branches:
Dungeon (11/15)            Temple (1/1) D:4
   Lair: D:8-11         Orc: D:9-12

Altars:
Ashenzari
Cheibriados
Dithmenos
Elyvilon
Fedhas
Gozag
Hepliaklqana
Kikubaaqudgha
Makhleb
Nemelex Xobeh
Okawaru
Qazlal
Ru
Sif Muna
Trog
Uskayaw
Vehumet
Xom
Yredelemnul
Zin
The Shining One

Shops:
D:8 }   D:10 }

Annotations:
D:10 exclusion: oklob plant


Innate Abilities, Weirdness & Mutations

You are under a permanent stasis effect.
You can dig through walls and to a lower floor.
Your four strong arms can wield two-handed weapons with a shield.
You have a pair of large antennae on your head. (SInv)


Message History

You start resting.
You hear an angry buzzing noise.
You sense a monster nearby.
You start resting.
A meliai comes into view. It is wielding a hand axe.
The meliai invokes the aid of its god against you.
Something smites you!
* * * LOW HITPOINT WARNING * * *
Things that are here:
a war axe; a robe; a meliai corpse You block the meliai's attack. x2
You miss the meliai.
The meliai mumbles some strange prayers to its god against you.
Something smites you!
* * * LOW HITPOINT WARNING * * *
You block the meliai's attack. x2
You miss the meliai.
The meliai invokes the aid of its god against you.
Something smites you!
You die...

#....# #.... #...#
#....#..#.... #...#
#....#..#.....#...#
#....#..#.....#...#
#....#..#.....).)#
....)#..#.....#..#
.....#..#... #..#
.....#..#. #.)# ###
.....)..# #.@#####...
.....#..# #.y........
..####..# #§§§.......
..#.....##### #..........
..#.........###..........
###......................
........(.........†......
.........................
.########........########


You could see a meliai.

Vanquished Creatures
  Gastronok (D:9)
  6 vault guards (D:13)
  Harold (D:10)
  2 hill giants
  A manticore (D:13)
  Maurice (D:10)
  A centaur skeleton (D:13)
  Psyche (D:10)
  A gargoyle (D:8)
  2 meliai (D:13)
  3 trolls
  Sigmund (D:6)
  A wraith (D:10)
  A hippogriff (D:9)
  A water moccasin (D:4)
  2 sky beasts
  3 orc warriors
  3 ice beasts
  A wasp (D:13)
  Purgy (Sewer)
  A necrophage (D:10)
  3 phantoms
  A wolf (D:11)
  A black bear (D:10)
  5 ogres
  10 centaurs
  7 giant frogs
  A big kobold (D:9)
  7 scorpions
  5 killer bees (D:7)
  A howler monkey (D:4)
  9 wights (D:9)
  5 crimson imps
  2 giant frog zombies
  The ghost of Thraspic the Sneak, a weakling FeMo (D:4)
  7 orc priests
  A centaur zombie (D:7)
  2 giant frog skeletons
  2 hounds
  2 jellies
  8 orc wizards
  6 iguanas
  6 worker ants
  2 killer bee zombies
  A hound zombie (D:8)
  A worker ant zombie (D:3)
  4 gnolls (D:6)
  A howler monkey skeleton (D:4)
  16 adders
  3 shadow imps
  6 oozes
  An adder zombie (D:5)
  3 worms
  3 dart slugs
  12 giant geckos
  32 orcs
  4 ball pythons
  7 giant cockroaches
  11 goblins
  13 hobgoblins
  6 jackals
  6 kobolds
  3 quokkas
  9 bats
  15 giant newts
  A quokka zombie (D:7)
  6 rats
  A plant (D:9)
294 creatures vanquished.

Vanquished Creatures (others)
  A centaur warrior (D:13)
  4 centaurs
  2 hounds (D:11)
  An orc wizard (D:11)
8 creatures vanquished.

Grand Total: 302 creatures vanquished

Notes
Turn   | Place    | Note
-------+----------+-------------------------------------------
     0 | D:1      | Lindan9 the Formicid Fighter began the quest for the Orb.
     0 | D:1      | Reached XP level 1. HP: 18/18 MP: 1/1
    74 | D:1      | Reached XP level 2. HP: 2/24 MP: 2/2
   485 | D:1      | Reached skill level 4 in Shields
   504 | D:1      | Reached XP level 3. HP: 29/29 MP: 3/3
  1063 | D:2      | Reached XP level 4. HP: 37/37 MP: 4/4
  1098 | D:2      | Found a burning altar of Makhleb.
  1183 | D:2      | Found a radiant altar of Vehumet.
  1398 | D:2      | Reached skill level 1 in Dodging
  1590 | D:2      | Found a sparkling altar of Nemelex Xobeh.
  1755 | D:2      | Found a deep blue altar of Sif Muna.
  1862 | D:3      | Found a glowing drain.
  1874 | D:3      | Reached XP level 5. HP: 21/42 MP: 5/5
  2163 | Sewer    | Entered a sewer
  2186 | Sewer    | Noticed Purgy
  2209 | Sewer    | Killed Purgy
  2209 | Sewer    | Reached skill level 5 in Shields
  2209 | Sewer    | Reached XP level 6. HP: 16/48 MP: 6/6
  3177 | D:3      | Reached XP level 7. HP: 52/55 MP: 7/7
  3363 | D:4      | Noticed a water moccasin
  3370 | D:4      | Killed a water moccasin
  3370 | D:4      | Reached skill level 6 in Shields
  3373 | D:4      | Noticed Thraspic's ghost (weakling FeMo)
  3392 | D:4      | Killed Thraspic's ghost
  3661 | D:4      | Reached skill level 1 in Stealth
  3926 | D:4      | Found a staircase to the Ecumenical Temple.
  3935 | Temple   | Entered the Ecumenical Temple
  4016 | Temple   | Became a worshipper of Qazlal Stormbringer
  4159 | D:4      | Reached skill level 5 in Armour
  4159 | D:4      | Reached XP level 8. HP: 53/61 MP: 8/8
  4352 | D:4      | Reached skill level 7 in Shields
  4536 | D:5      | Entered Level 5 of the Dungeon
  4560 | D:5      | Reached skill level 5 in Fighting
  4570 | D:5      | Found a white marble altar of Elyvilon.
  4944 | D:5      | Reached skill level 8 in Shields
  4944 | D:5      | Reached XP level 9. HP: 67/68 MP: 9/9
  4979 | D:5      | Reached skill level 5 in Axes
  5486 | D:6      | Noticed Sigmund
  5493 | D:6      | Killed Sigmund
  5493 | D:6      | Reached * piety under Qazlal
  5493 | D:6      | Reached skill level 9 in Shields
  5836 | D:6      | Found a snail-covered altar of Cheibriados.
  6137 | D:6      | Found a shimmering altar of Xom.
  6141 | D:6      | Found a hazy altar of Hepliaklqana.
  6147 | D:6      | Found an ancient bone altar of Kikubaaqudgha.
  6380 | D:7      | Reached skill level 10 in Shields
  6747 | D:7      | Reached XP level 10. HP: 77/77 MP: 10/10
  6747 | D:7      | Reached ** piety under Qazlal
  6829 | D:7      | Found a sacrificial altar of Ru.
  6996 | D:8      | Found Ijokani's Gadget Boutique.
  7278 | D:8      | Noticed a gargoyle
  7286 | D:8      | Killed a gargoyle
  7286 | D:8      | Reached skill level 11 in Shields
  7686 | D:9      | Found a hide-covered altar of Uskayaw.
  8133 | D:9      | Reached *** piety under Qazlal
  8222 | D:9      | Reached skill level 12 in Shields
  8239 | D:9      | Noticed Gastronok
  8252 | D:9      | Killed Gastronok
  8252 | D:9      | Reached XP level 11. HP: 46/84 MP: 11/11
  8692 | D:9      | Identified a scroll of acquirement
  8706 | D:9      | Found a shadowy altar of Dithmenos.
  8839 | D:10     | Entered Level 10 of the Dungeon
  8846 | D:10     | Reached skill level 13 in Shields
  8865 | D:10     | Noticed Harold
  8876 | D:10     | Killed Harold
  9189 | D:10     | Noticed Psyche
  9189 | D:10     | Noticed a hill giant
  9190 | D:10     | Noticed Maurice
  9201 | D:10     | Killed a hill giant
  9205 | D:10     | Killed Psyche
  9332 | D:10     | Found a blossoming altar of Fedhas.
  9347 | D:10     | Noticed an oklob plant
  9512 | D:10     | Found Uvvass's Gadget Shop.
  9812 | D:10     | Killed Maurice
  9975 | D:11     | Noticed a hill giant
  9981 | D:11     | Killed a hill giant
 10066 | D:11     | Reached XP level 12. HP: 50/92 MP: 12/12
 10126 | D:11     | Reached **** piety under Qazlal
 10126 | D:11     | Reached skill level 14 in Shields
 10129 | D:11     | You fall through a shaft for 2 floors!
 10133 | D:13     | Noticed a centaur warrior
 10134 | D:13     | Noticed a vault guard
 10135 | D:13     | Noticed a vault guard
 10139 | D:13     | Noticed a vault guard
 10140 | D:13     | Killed a centaur warrior
 10150 | D:13     | Noticed a vault guard
 10152 | D:13     | Noticed a vault guard
 10158 | D:13     | Killed a vault guard
 10162 | D:13     | Killed a vault guard
 10164 | D:13     | Killed a vault guard
 10168 | D:13     | Killed a vault guard
 10171 | D:13     | Killed a vault guard
 10171 | D:13     | Reached skill level 10 in Axes
 10587 | D:13     | Reached skill level 15 in Shields
 10597 | D:13     | Noticed a vault guard
 10612 | D:13     | Killed a vault guard
 10680 | D:13     | Killed from afar by a meliai

Vault maps used:
D:1:      dpeg_arrival_tiny_k
D:2:      overflow_temple_1_default, lemuel_round_altar, old_standard_altar,
          led_sif_pool
D:3:      gup_sewer_entry_glass
D:5:      elyvilon_altar_4, first_bread
D:6:      minmay_overflow_temple_star_quad, cheibriados_altar_1, uniq_sigmund
D:7:      nicolae_ru_great_annihilating_truth
D:8:      statuecave_lemuel, serial_shops, shop
D:9:      grunt_dithmenos_shadows, old_standard_altar, blue_anna_alchemist,
          uniq_gastronok
D:10:     serial_shops, shop_statue, tgw_fedhas, uniq_harold, uniq_psyche,
          uniq_maurice
D:11:     erik_lair_island, david_orc_5
D:13:     erik_vaults_2
Temple:   chequers_temple_sunken
Sewer:    sewer_co_purgy_island

Skill      XL: |  1  2  3  4  5  6  7  8  9 10 11 12 |
---------------+-------------------------------------+-----
Shields        | 4 5 6 8 10 12 13 15 | 15.2
Dodging        | 1 2 3 4 |  4.7
Armour         | 4 5 6 7 8 |  8.2
Fighting       | 4 5 6 7 8 |  8.7
Axes           | 3 4 6 7 9 10 | 10.2
Stealth        | 1 2 |  2.6

Action                   |  1- 3 |  4- 6 |  7- 9 | 10-12 || total
-------------------------+-------+-------+-------+-------++-------
Melee: War axe           |    92 |   219 |   403 |   211 ||   925
       Battleaxe         |       |       |       |   210 ||   210
 Abil: Shaft Self        |       |       |       |     1 ||     1
  Use: Scroll            |     2 |     3 |    11 |     9 ||    25
       Potion            |       |       |       |     6 ||     6
 Stab: Paralysed         |       |       |       |     2 ||     2
  Eat: Bread ration      |     1 |     1 |       |     1 ||     3
       Beef jerky        |       |     1 |       |     2 ||     3
       Chunk             |       |     1 |       |       ||     1
       Meat ration       |       |       |     2 |     1 ||     3
       Pizza             |       |       |       |     1 ||     1
Armor: Scale mail        |    23 |    88 |    14 |       ||   125
       Plate armour      |       |       |    98 |    78 ||   176
Dodge: Dodged            |    20 |    66 |    92 |    54 ||   232
       Deflected         |       |       |       |     1 ||     1
Block: Shield            |    60 |   235 |   402 |       ||   697
       Reflection        |     1 |     5 |     6 |    36 ||    48
       Large shield      |       |       |    15 |   609 ||   624
